 Dungeon Crawl Stone Soup version 0.28-a0-863-g8cecda6153 (webtiles) character file.

Game seed: 2887002674141904539

515 siradein the Skirmisher (level 7, -3/62 HPs)
             Began as a Hill Orc Fighter on Nov 17, 2021.
             Was an Initiate of Okawaru.
             Killed from afar by Dowan (20 damage)
             ... with a shard of ice
             ... on level 5 of the Dungeon.
             The game lasted 00:07:54 (5270 turns).

siradein the Skirmisher (Hill Orc Fighter)          Turns: 5270, Time: 00:07:55

Health: -3/62      AC:  8    Str: 20    XL:     7   Next: 20%
Magic:  7/7        EV:  9    Int:  8    God:    Okawaru [......]
Gold:   239        SH:  5    Dex: 11    Spells: 6/6 levels left

rFire   . . .      SeeInvis .   a - +0 long sword
rCold   . . .      Faith    .   c - +0 buckler
rNeg    . . .      Spirit   .   b - +0 scale mail
rPois   .          Reflect  .   (no helmet)
rElec   .          Harm     .   f - +0 cloak
rCorr   .          Rampage  .   (no gloves)
Will    .....                   (no boots)
Stlth   ..........              (no amulet)
HPRegen 0.20/turn               (no ring)
MPRegen 0.10/turn               (no ring)

@: no status effects
A: no striking features
a: Renounce Religion


You were on level 5 of the Dungeon.
You worshipped Okawaru.
Okawaru was noncommittal.
You visited 2 branches of the dungeon, and saw 6 of its levels.

You collected 239 gold pieces.

Inventory:

Hand Weapons
 a - a +0 long sword (weapon)
Missiles
 i - 7 boomerangs (quivered)
 j - 101 stones
 t - 2 throwing nets
Armour
 b - a +0 scale mail (worn)
 c - a +0 buckler (worn)
 f - a +0 cloak (worn)
Jewellery
 d - a +6 ring of strength
 r - a ring of flight
Scrolls
 e - a scroll of summoning {unknown}
 h - a scroll of teleportation {unknown}
 k - a scroll of identify {unknown}
 o - a scroll of magic mapping {unknown}
 p - a scroll of immolation {unknown}
 s - a scroll of vulnerability {unknown}
Potions
 g - 2 potions of invisibility {unknown}
 l - a potion of magic {unknown}
 m - a potion of mutation {unknown}
 n - 3 potions of curing {unknown}
 q - a potion of ambrosia {unknown}


   Skills:
 + Level 5.6 Fighting
 + Level 4.5 Long Blades
 + Level 5.2 Armour
 + Level 5.2 Shields


You had 6 spell levels left.
You didn't know any spells.
Your spell library contained the following spells:

 Spells                   Type           Power      Damage    Failure   Level
 Ignite Poison            Fire/Tmut/Pois 0%         N/A       98%         3
 Mephitic Cloud           Conj/Pois/Air  0%         N/A       98%         3
 Freezing Cloud           Conj/Ice/Air   0%         6-21      100%        5


Dungeon Overview and Level Annotations

Branches:
Dungeon (5/15)             Temple (1/1) D:4

Altars:
Cheibriados
Elyvilon
Okawaru
Ru
Uskayaw
Xom
Yredelemnul
The Shining One

Shops:
D:1 (

Annotations:
D:5 Dowan


Message History

You closely miss Duvessa.
Duvessa is almost dead.
Duvessa hits you but does no damage.
You closely miss Duvessa.
Duvessa is almost dead.
Duvessa misses you.
You closely miss Duvessa.
Duvessa is almost dead.
You block Duvessa's attack.
You hit Duvessa but do no damage.
Duvessa is almost dead.
Duvessa hits you but does no damage.
You hit Duvessa.
Duvessa is almost dead.
Duvessa barely misses you.
Dowan mumbles some strange words.
Dowan blinks!
Duvessa hits you but does no damage.
You hit Duvessa.
You kill Duvessa!
Okawaru accepts your kill.
Dowan seems overcome with grief, but rights himself reflexively soon after.
Dowan seems to find hidden reserves of power!
Dowan gestures wildly while chanting.
Dowan blinks!
You have reached level 7!
Found 11 stones.
You start resting.
Dowan is nearby!
Dowan hits you but does no damage. Dowan closely misses you.
You completely miss Dowan. Dowan hits you with a +0 dagger.
* * * LOW HITPOINT WARNING * * *
Dowan hits you but does no damage.
You barely miss Dowan. Dowan closely misses you.
You miss Dowan. Dowan hits you but does no damage.
Dowan hits you with a +0 dagger.
* * * LOW HITPOINT WARNING * * *
You barely miss Dowan. Dowan casts a spell at you. The shard of ice hits you!!
You die...

###########....#.#.
#)......#..........
#...#...(..#...
#.....<#.#.##..
...##.....#....# .#.
#)#.......#. . #.
#.##........
....##.##e##e####..#.
........@.#..# ..> #
...####...#.e# ##..
.........# ###.###..#
#.( ...# ######...
...## ##.# .#


You could see Dowan (fast).

Vanquished Creatures
  Sigmund (D:2)
  Duvessa (D:5)
  An ogre (D:4)
  An orc priest (D:2)
  An orc wizard (D:2)
  A hound skeleton (D:4)
  An adder (D:3)
  A worm (D:2)
  4 dart slugs
  8 orcs
  5 endoplasms
  3 giant cockroaches
  7 goblins
  6 hobgoblins
  10 jackals
  5 kobolds
  4 quokkas
  3 ball pythons
  3 bats
  7 frilled lizards
  3 rats
76 creatures vanquished.

Vanquished Creatures (others)
  A plant (D:1)
1 creature vanquished.

Grand Total: 77 creatures vanquished

Notes
Turn   | Place    | Note
-------+----------+-------------------------------------------
     0 | D:1      | siradein the Hill Orc Fighter began the quest for the Orb.
     0 | D:1      | Reached XP level 1. HP: 19/19 MP: 1/1
   393 | D:1      | Reached XP level 2. HP: 27/27 MP: 2/2
   472 | D:1      | Found a faded altar of an unknown god.
   678 | D:1      | Found Vuvusir's Weapon Emporium.
  1005 | D:1      | Reached XP level 3. HP: 26/33 MP: 3/3
  1357 | D:2      | Noticed Sigmund
  1779 | D:2      | Killed Sigmund
  1780 | D:2      | Reached XP level 4. HP: 10/41 MP: 4/4
  1780 | D:2      | Reached XP level 5. HP: 12/47 MP: 5/5
  2659 | D:3      | Reached XP level 6. HP: 55/55 MP: 6/6
  2696 | D:3      | Found a sacrificial altar of Ru.
  2762 | D:3      | Reached skill level 5 in Fighting
  4658 | D:4      | Found a staircase to the Ecumenical Temple.
  4669 | Temple   | Entered the Ecumenical Temple
  4722 | Temple   | Became a worshipper of Warmaster Okawaru
  4894 | D:4      | Reached skill level 5 in Armour
  4894 | D:4      | Reached skill level 5 in Shields
  5207 | D:5      | Entered Level 5 of the Dungeon
  5214 | D:5      | Noticed Dowan
  5215 | D:5      | Noticed Duvessa
  5259 | D:5      | Killed Duvessa
  5260 | D:5      | Reached XP level 7. HP: 17/62 MP: 7/7
  5270 | D:5      | Killed from afar by Dowan

Illustrated notes

Levels and vault maps discovered:
D:1:      ncdulo_smallfort, layout_loops_cross, serial_shops, shop,
          chequers_ecumenical_altar_lobes
D:2:      layout_rooms, st_stairs_12, kennysheep_generic_room_7, uniq_sigmund
D:3:      layout_loops_corners, nicolae_ru_the_path_less_chosen
D:4:      layout_basic, minmay_temple_entry_overgrown
D:5:      layout_basic, nicolae_ossuary_entry_plus, uniq_duvessa
Temple:   mainiacjoe_temple_hex_bubbles

Skill      XL: |  1  2  3  4  5  6 |
---------------+-------------------+-----
Fighting       | 4 5 |  5.6
Long Blades    | 3 4 |  4.5
Armour         | 4 5 |  5.2
Shields        | 4 5 |  5.2

Action                   |  1- 3 |  4- 6 |  7- 9 || total
-------------------------+-------+-------+-------++-------
Melee: Long sword        |   142 |   171 |     4 ||   317
Throw: Boomerang         |       |     4 |       ||     4
  Use: Potion            |     1 |       |       ||     1
Armor: Scale mail        |    84 |    81 |     3 ||   168
Dodge: Dodged            |    65 |    73 |     2 ||   140
Block: Buckler           |    36 |    31 |       ||    67

Table legend: (Time is in decaauts)
 A = Elapsed time spent in this place.
 B = Non-inter-level travel time spent in this place.
 C = Inter-level travel time spent in this place.
 D = Time resting spent in this place.
 E = Time spent auto-exploring this place.
 F = Levels seen in this place.
 G = Mean time per level.
                   A        B        C        D        E       F      G
               +--------+--------+--------+--------+--------+-----+--------+
         Total |   5355 |   5291 |     64 |    963 |   3121 |   6 |  892.5 |
       Dungeon |   5260 |   5196 |     64 |    963 |   3072 |   5 | 1052.0 |
        Temple |     95 |     95 |      0 |      0 |     49 |   1 |   95.0 |
               +--------+--------+--------+--------+--------+-----+--------+

Top non-repeatable levels by time:
     D:2: 1617 daAuts
     D:3: 1440 daAuts
     D:1: 1419 daAuts
     D:4: 714 daAuts
  Temple: 95 daAuts
     D:5: 68 daAuts
